 Dungeon Crawl Stone Soup version 0.21-a0-338-g36cf2fc (webtiles) character file.

122 Atlas the Magician (level 4, -1/30 HPs)
             Began as a Mummy Ice Elementalist on Oct 3, 2017.
             Slain by a sky beast (6 damage)
             ... on level 3 of the Dungeon.
             The game lasted 00:04:40 (2742 turns).

Atlas the Magician (Mummy Ice Elementalist)         Turns: 2742, Time: 00:04:40

Health: -1/30      AC:  8    Str: 13    XL:     4   Next: 78%
Magic:  3/10       EV: 12    Int: 15    God:
Gold:   103        SH:  0    Dex: 12    Spells: 2/12 levels left

rFire    x . .     SeeInvis .   (no weapon)
rCold    + . .     Gourm    .   (no shield)
rNeg     + + +     Faith    .   i - +0 leather armour
rPois    ∞         Spirit   .   (no helmet)
rElec    .         Reflect  .   (no cloak)
rCorr    .         Harm     .   (no gloves)
MR       .....                  (no boots)
Stlth    ..........             (no amulet)
HPRegen  0.10/turn              j - +2 ring of strength
MPRegen  0.12/turn              h - ring of loudness (curse)

@: icy armour, slow
A: no food or potions, fire vulnerability, cold resistance 1, negative energy
resistance 3, torment resistance, unbreathing
a: no special abilities


You were on level 3 of the Dungeon.
You were not hungry.

You visited 1 branch of the dungeon, and saw 3 of its levels.

You collected 103 gold pieces.

Inventory:

Armour
 i - a +0 leather armour (worn)
Jewellery
 f - an uncursed ring of flight
 h - a cursed ring of loudness (right hand)
 j - a +2 ring of strength (left hand)
Wands
 a - a wand of disintegration (0/24)
Scrolls
 c - 3 scrolls of identify {unknown}
 d - a scroll of fog {unknown}
 e - 3 scrolls of remove curse {unknown}
 g - a scroll of blinking {unknown}
Books
 b - a book of Frost

   Spells                             Type                      Level
   a - Freeze                         Ice                          1
   b - Throw Frost                    Conjuration/Ice              2
   c - Ozocubu's Armour               Charms/Ice                   3
   d - Throw Icicle                   Conjuration/Ice              4
   e - Summon Ice Beast               Ice/Summoning                4


   Skills:
 + Level 0.1 Armour
 + Level 1.7 Dodging
 - Level 1.5 Stealth
 + Level 4.8 Spellcasting
 + Level 0.7 Conjurations
 + Level 3.5 Ice Magic


You had 2 spell levels left.
You knew the following spells:

 Your Spells              Type           Power        Failure   Level  Hunger
a - Freeze                Ice            ##..         4%          1    N/A
b - Throw Frost           Conj/Ice       #.....       13%         2    N/A
c - Ozocubu's Armour      Chrm/Ice       #.......     30%         3    N/A
d - Throw Icicle          Conj/Ice       #.......     65%         4    N/A

Dungeon Overview and Level Annotations

Branches:
Dungeon (3/15)

Altars:
Elyvilon
Vehumet
Xom


Innate Abilities, Weirdness & Mutations

You do not eat or drink.
Your flesh is vulnerable to fire.
You are immune to poison.
Your flesh is cold resistant. (rC+)
You are immune to negative energy. (rN+++)
You are immune to unholy pain and torment.
You can survive without breathing.


Message History

Aiming: Disintegrate (will waste charges)
Press: ? - help, Shift-Dir - straight line, f/p - sky beast
Aim: a sky beast (moderately wounded, chance to defeat MR: 65%) Nothing appears to happen.
The sky beast hits you. The sky beast shocks you.
* * * LOW HITPOINT WARNING * * *
Unknown command.
Evoke which item? (* to show all) (? for menu, Esc to quit)
This wand has no charges.
Unknown command.
The sky beast hits you but does no damage.
The sky beast flickers out of sight!
Deactivating autopickup; reactivate with Ctrl-A.
A sky beast appears from thin air!
Reactivating autopickup.
Your magical contamination has completely faded away.
There is a stone staircase leading up here.
The sky beast hits you.
* * * LOW HITPOINT WARNING * * *
The sky beast shocks you.
You die...

......[)..######.#######..##
.................#######..#
..........#########.......# #
..........# #.≈....###.####.#.#
.........######.###..##.....§....
.......).....##.# #..##..####.#..
.........###.##.# #..##..# #
.........# #.##Y###......#
#######.## #....@.#.###.## #.#
######.#.# #... #.# #.#.# #####
#.# #.#.. #.# #.#. #.# #.#. #.#
#.# #.# #.# #.# #.#


You could see a sky beast.

Vanquished Creatures
  Jessica (D:2)
  2 adders (D:2)
  3 oozes (D:1)
  2 dart slugs (D:1)
  A leopard gecko (D:1)
  4 orcs (D:3)
  3 bats
  2 giant cockroaches (D:1)
  9 goblins
  5 hobgoblins
  3 jackals (D:1)
  A ball python (D:2)
  6 frilled lizards
  5 kobolds
  10 rats
57 creatures vanquished.

Notes
Turn   | Place    | Note
-------+----------+-------------------------------------------
     0 | D:1      | Atlas the Mummy Ice Elementalist began the quest for the Orb.
     0 | D:1      | Reached XP level 1. HP: 13/13 MP: 4/4
   244 | D:1      | Reached XP level 2. HP: 6/19 MP: 0/5
   492 | D:1      | Reached skill level 3 in Spellcasting
   968 | D:1      | Reached XP level 3. HP: 20/24 MP: 4/8
  1366 | D:2      | Reached skill level 4 in Spellcasting
  1413 | D:2      | Noticed Jessica
  1418 | D:2      | Killed Jessica
  1418 | D:2      | Reached XP level 4. HP: 29/30 MP: 7/10
  1470 | D:2      | Learned a level 2 spell: Throw Frost
  1474 | D:2      | Learned a level 3 spell: Ozocubu's Armour
  1479 | D:2      | Learned a level 4 spell: Throw Icicle
  1654 | D:2      | Found a radiant altar of Vehumet.
  1661 | D:2      | Found a white marble altar of Elyvilon.
  2063 | D:3      | Found a shimmering altar of Xom.
  2713 | D:3      | Noticed a sky beast
  2742 | D:3      | Slain by a sky beast

Vault maps used:
D:1:      lemuel_arrival_behind_the_door_small
D:2:      minitemple, uniq_jessica
D:3:      nicolae_overflow_hidden_temple

Skill      XL: |  1  2  3 |
---------------+----------+-----
Spellcasting   | 3 4 |  4.8
Ice Magic      | 3 |  3.5
Armour         | |  0.1
Dodging        | |  1.7
Stealth        | |  1.5
Conjurations   | |  0.7

Action                   |  1- 3 |  4- 6 || total
-------------------------+-------+-------++-------
Melee: Unarmed           |    15 |     4 ||    19
 Cast: Freeze            |    53 |    46 ||    99
       Throw Frost       |       |     2 ||     2
       Ozocubu's Armour  |       |     1 ||     1
Evoke: Wand              |       |     3 ||     3
Armor: Robe              |     6 |     1 ||     7
       Leather armour    |       |    13 ||    13
Dodge: Dodged            |    32 |    16 ||    48

Table legend:
 A = Spawn XP
 B = Non-spawn XP
 C = Spawn XP percentage of total XP
 D = Spawn monster count
 E = Non-spawn monster count
 F = Spawn count percentage of total count
 G = Total turns spent on level
                    A         B        C        D         E        F      G
               +---------+---------+-------+---------+---------+-------+---------
         Total |       0 |     175 |   0.0 |       0 |      57 |   0.0 |  2742
               +---------+---------+-------+---------+---------+-------+---------
           D:1 |       0 |      59 |   0.0 |       0 |      25 |   0.0 |  1118
           D:2 |       0 |      86 |   0.0 |       0 |      17 |   0.0 |   770
           D:3 |       0 |      30 |   0.0 |       0 |      15 |   0.0 |   854
               +---------+---------+-------+---------+---------+-------+---------
